 Dungeon Crawl Stone Soup version 0.28.0-53-g5a82cb258f (webtiles) character file.

Game seed: 10839335452706102005

58 yokelz the Cudgeller (level 3, 0/28 HPs)
             Began as a Palentonga Gladiator on Aug 6, 2022.
             Succumbed to an adder's poison
             ... on level 2 of the Dungeon.
             The game lasted 00:01:35 (1994 turns).

yokelz the Cudgeller (Palentonga Gladiator)         Turns: 1994, Time: 00:01:36

Health: 0/28       AC:  5    Str: 17    XL:     3   Next: 76%
Magic:  3/3        EV: 10    Int:  8    God:
Gold:   40         SH:  0    Dex: 13    Spells: 2/2 levels left

rFire   . . .      SeeInvis +   a - +0 flail
rCold   . . .      Faith    .   (no shield)
rNeg    . . .      Spirit   .   b - +0 leather armour
rPois   .          Reflect  .   c - +0 helmet
rElec   .          Harm     .   (no cloak)
rCorr   .          Rampage  .   (no gloves)
Will    .....                   (no barding)
Stlth   +.........              (no amulet)
HPRegen 0.09/turn               (no ring)
MPRegen 0.08/turn               (no ring)

@: lethally poisoned (0 -> -3)
A: large, rugged brown scales 3, see invisible, deformed body, roll 1, armoured
tail
a: Rolling Charge


You were on level 2 of the Dungeon.
You visited 1 branch of the dungeon, and saw 2 of its levels.

You collected 40 gold pieces.

Inventory:

Hand Weapons
 a - a +0 flail (weapon)
Missiles
 d - 3 throwing nets (quivered)
Armour
 b - a +0 leather armour (worn)
 c - a +0 helmet (worn)
Scrolls
 f - 3 scrolls of identify {unknown}
 g - a scroll of vulnerability {unknown}


   Skills:
 - Level 2.0 Fighting
 + Level 4.8 Maces & Flails
 - Level 1.3 Throwing
 - Level 2.4 Dodging


You had 2 spell levels left.
You didn't know any spells.
Your spell library was empty.

Dungeon Overview and Level Annotations

Branches:
Dungeon (2/15)

Altars:


Innate Abilities, Weirdness & Mutations

You are completely covered in rugged brown scales. (AC +3, +7% HP)
You have supernaturally acute eyesight. (SInv)
Armour fits poorly on your strangely shaped body.
You can roll at nearby foes to attack.
You have a long armoured tail.


Message History

You are too injured to fight recklessly!
You are too injured to fight recklessly!
You are too injured to fight recklessly!
You are too injured to fight recklessly!
You are too injured to fight recklessly!
You are too injured to fight recklessly!
You are too injured to fight recklessly!
You are too injured to fight recklessly!
You are too injured to fight recklessly!
You are too injured to fight recklessly!
You are too injured to fight recklessly!
You closely miss the adder.
The adder is severely wounded.
You feel sick. The adder closely misses you. The adder barely misses you.
You hit the adder.
Your tail-slap misses the adder.
Your punch misses the adder.
The adder is severely wounded.
You feel sick. The adder bites you.
* * * LOW HITPOINT WARNING * * *
You are lethally poisoned!
The adder poisons you!
You hit the adder.
You kill the adder!
* * * LOW HITPOINT WARNING * * *
You feel sick.
You aren't carrying any potions.
* * * LOW HITPOINT WARNING * * *
You feel sick.
* * * LOW HITPOINT WARNING * * *
You feel sick.
* * * LOW HITPOINT WARNING * * *
You feel sick.
A goblin comes into view. It is wielding a +0 dagger.
Found 17 stones.
* * * LOW HITPOINT WARNING * * *
You feel sick.
The goblin shouts!
A hobgoblin comes into view.
The goblin moves out of view.
You die...

#....##.....#
#....##.....#
##...........#
###...#....#...#
............†..#
.............#
....#..#....#
##.#g#.#.###.#.#
.......@.# #...#
..(..##### ###.#
.g. .# . #


You could see a hobgoblin (wandering) and a goblin.

Vanquished Creatures
  2 adders (D:2)
  4 dart slugs
  An orc (D:2)
  3 bats
  3 endoplasms
  3 goblins (D:1)
  3 jackals
  3 kobolds (D:1)
  A quokka (D:1)
  4 ball pythons (D:1)
  2 frilled lizards (D:1)
  3 rats
32 creatures vanquished.

Notes
Turn   | Place    | Note
-------+----------+-------------------------------------------
     0 | D:1      | yokelz the Palentonga Gladiator began the quest for the
                  | Orb.
     0 | D:1      | Reached XP level 1. HP: 17/17 MP: 1/1
   413 | D:1      | Reached XP level 2. HP: 23/23 MP: 2/2
   953 | D:1      | Reached skill level 4 in Maces & Flails
  1776 | D:2      | Reached XP level 3. HP: 18/28 MP: 3/3
  1992 | D:2      | HP: 1/28 [poisoned by an adder]
  1994 | D:2      | Succumbed to an adder's poison

Illustrated notes

Levels and vault maps discovered:
D:1:      scummos_arrival_star, layout_basic
D:2:      layout_basic, skrybe_limestone_x, dk_noncrumbling_4,
          chequers_mini_garden, uniq_terence, uniq_jessica

Skill      XL: |  1  2 |
---------------+-------+-----
Maces & Flails | 4 |  4.8
Fighting       | |  2.0
Throwing       | |  1.3
Dodging        | |  2.4

Action                   || total
-------------------------++-------
Melee: Flail             ||   113
       Tailslap          ||    11
  Use: Potion            ||     1
Armor: Leather armour    ||    65
Dodge: Dodged            ||    77
